 Dungeon Crawl Stone Soup version 0.29.0-4-gdea44cf6ec (webtiles) character file.

Game seed: 12332236770369231799

107 concernfroge the Trooper (level 4, -9/39 HPs)
             Began as a Mummy Monk on Aug 28, 2022.
             Mangled by a gnoll
             ... wielding a +0 flail
              (11 damage)
             ... on level 3 of the Dungeon.
             The game lasted 00:06:54 (3437 turns).

concernfroge the Trooper (Mummy Monk)               Turns: 3437, Time: 00:06:54

Health: -9/39      AC:  5    Str: 16    XL:     4   Next: 56%
Magic:  4/4        EV:  6    Int: 15    God:
Gold:   150        SH:  0    Dex: 14    Spells: 3/3 levels left

rFire   x . .      SeeInvis .   c - +0 long sword (protect)
rCold   + . .      Faith    .   (no shield)
rNeg    + + +      Spirit   .   k - +0 ring mail
rPois   ∞          Reflect  +   (no helmet)
rElec   .          Harm     .   (no cloak)
rCorr   +          Rampage  .   (no gloves)
Will    .....                   (no boots)
Stlth   +.........              l - amulet of reflection
HPRegen 0.13/turn               d - +6 ring of intelligence
MPRegen 0.09/turn               f - ring of resist corrosion

@: held
A: cold resistance 1, negative energy resistance 3, torment resistance 2, heat
vulnerability 1, in touch with death 1, no potions
a: no special abilities


You were on level 3 of the Dungeon.
You visited 1 branch of the dungeon, and saw 3 of its levels.

You collected 150 gold pieces.

Inventory:

Hand Weapons
 c - a +0 long sword of protection (weapon)
 g - a +0 war axe
 o - a +0 great sword
Missiles
 b - 4 boomerangs (quivered)
Armour
 k - a +0 ring mail (worn)
Jewellery
 d - a +6 ring of intelligence (left hand)
 f - a ring of resist corrosion (right hand)
 l - an amulet of reflection (around neck)
 n - a ring of fire
Scrolls
 a - a scroll of vulnerability {unknown}
 e - 5 scrolls of identify {unknown}
 h - a scroll of teleportation {unknown}
 i - a scroll of blinking {unknown}
 j - a scroll of poison
 m - a scroll of butterflies {unknown}


   Skills:
 + Level 5.4 Fighting
 - Level 2.4 Axes
 - Level 2.4 Dodging
 - Level 1.5 Stealth


You had 3 spell levels left.
You didn't know any spells.
Your spell library contained the following spells:

 Spells                   Type           Power      Damage    Failure   Level
 Ozocubu's Armour         Ice            0%         N/A       83%         3
 Ozocubu's Refrigeration  Ice            0%         4d7       100%        7


Dungeon Overview and Level Annotations

Branches:
Dungeon (3/15)

Altars:
Cheibriados
Vehumet
Yredelemnul


Innate Abilities, Weirdness & Mutations

You are immune to poison.
Your flesh is cold resistant. (rC+)
You are immune to negative energy. (rN+++)
You are immune to unholy pain and torment.
You are vulnerable to heat. (rF-)
You are in touch with the powers of death.
You do not drink.


Message History

The gnoll is severely wounded.
The gnoll hits you with a +0 flail!
The gnoll hits you from afar with a +0 halberd.
You hit the gnoll.
Your weapon exudes an aura of protection.
The gnoll is almost dead.
You block the gnoll's attack. The gnoll hits you but does no damage.
The gnoll hits you from afar with a +0 halberd.
The gnoll hits you but does no damage.
Okay, then.
You closely miss the gnoll.
The gnoll is almost dead.
You block the gnoll's attack. The gnoll hits you but does no damage.
You hit the gnoll.
You kill the gnoll!
The gnoll hits you from afar with a +0 halberd.
The gnoll hits you with a +0 halberd.
* * * LOW HITPOINT WARNING * * *
Things that are here:
a +0 flail; a gnoll corpse You barely miss the gnoll.
The gnoll barely misses you. You block the gnoll's attack.
You slash the gnoll!
The gnoll is severely wounded.
The gnoll barely misses you.
You closely miss the gnoll.
The gnoll is severely wounded.
The gnoll hits you with a +0 halberd.
* * * LOW HITPOINT WARNING * * *
The gnoll hits you but does no damage.
You slash the gnoll!
You kill the gnoll!
The gnoll throws a throwing net.
The throwing net hits you.
You become entangled in the net!
You struggle against the net.
You tear a large gash into the net.
The gnoll hits you but does no damage.
You struggle against the net.
The gnoll hits you with a +0 flail!
* * * LOW HITPOINT WARNING * * *
You struggle against the net.
The gnoll hits you with a +0 flail!
You die...

#.#.#.......#.........
......# #.#.####.#†......#
###### #######
..#.####†#..#....#
#....#########
###.........#....#
#.##.......)..
######.##......#
#.############
#......#..###.)...........
####..................###.
#.#########...####.# #.
#....g@...'......#.# #.
###..######...##.#.###.
##### #..# #...##.#.#...
....# #..# #...##.#.#..)
....# #..# #...#....#..#
....# #.g# #...######.)#
....# #.g# ##### #......
...# #..# #######.#####
..<# .... #.......#....


You could see a gnoll.

Vanquished Creatures
  2 gnolls (D:3)
  3 adders
  2 worms (D:3)
  A ball python (D:3)
  5 endoplasms
  A giant cockroach (D:1)
  4 hobgoblins
  3 jackals
  6 kobolds
  3 quokkas (D:3)
  11 bats
  3 frilled lizards
  7 goblins
  2 rats
53 creatures vanquished.

Notes
Turn   | Place    | Note
-------+----------+-------------------------------------------
     0 | D:1      | concernfroge the Mummy Monk began the quest for the Orb.
     0 | D:1      | Reached XP level 1. HP: 18/18 MP: 1/1
   562 | D:1      | Reached XP level 2. HP: 24/24 MP: 2/2
  1297 | D:1      | Reached skill level 4 in Fighting
  1888 | D:2      | Found a faded altar of an unknown god.
  1950 | D:2      | Gained mutation: You are in touch with the powers of death.
                  | [Mummy growth]
  1950 | D:2      | Reached XP level 3. HP: 17/30 MP: 3/3
  2610 | D:3      | Found a snail-covered altar of Cheibriados.
  2835 | D:3      | Found a basalt altar of Yredelemnul.
  2876 | D:3      | Reached XP level 4. HP: 35/38 MP: 4/4
  2971 | D:3      | Reached skill level 5 in Fighting
  3230 | D:3      | Found a radiant altar of Vehumet.
  3437 | D:3      | Mangled by a gnoll

Illustrated notes

Levels and vault maps discovered:
D:1:      denvon_arrival_hothouse, layout_basic
D:2:      layout_basic, hellmonk_ecumenical_altar_heavens_door,
          nicolae_figureground_pulse
D:3:      layout_basic, slow_altar_1, lemuel_tele_altar, fiery_altar_vehumet

Skill      XL: |  1  2  3  4 |
---------------+-------------+-----
Fighting       | 4 5 |  5.4
Axes           | |  2.4
Dodging        | |  2.4
Stealth        | |  1.5

Action                   |  1- 3 |  4- 6 || total
-------------------------+-------+-------++-------
Melee: Hand axe          |   125 |       ||   125
       War axe           |     6 |       ||     6
       Long sword        |    68 |    55 ||   123
       Trident           |     1 |       ||     1
       Punch             |     2 |     1 ||     3
       Great sword       |       |     8 ||     8
Throw: Boomerang         |    11 |       ||    11
  Use: Scroll            |     1 |       ||     1
 Stab: Sleeping          |     3 |     1 ||     4
Armor: Robe              |    45 |       ||    45
       Ring mail         |    26 |    29 ||    55
Dodge: Dodged            |   174 |    35 ||   209
Block: Other             |     8 |    18 ||    26
